 Dungeon Crawl Stone Soup version 0.10-b1-18-g4e766d1 character file.

74 polystyrus the Sneak (level 1, 0/15 HPs)
             Began as a Vampire Stalker on Jan 22, 2012.
             Slain by a hobgoblin
             ... wielding a cursed -3,-1 orcish club
              (4 damage)
             ... on Level 1 of the Dungeon.
             The game lasted 00:01:01 (166 turns).

polystyrus the Sneak (Vampire Stalker)               Turns: 166, Time: 00:01:01

HP   0/15        AC  3     Str  9      XL: 1   Next: 15%
MP   2/2         EV 12     Int 14      God:
Gold 73          SH  0     Dex 15      Spells:  1 memorised,  1 level left

Res.Fire  : . . .   See Invis. : +   a - +2 dagger {=f}
Res.Cold  : . . .   Warding    : . . b - +0 robe {!D}
Life Prot.: . . .   Conserve   : .   (no shield)
Res.Acid. : . . .   Res.Corr.  : .   (no helmet)
Res.Poison: .       Clarity    : .   c - +0 cloak {!D}
Res.Elec. : .       Spirit.Shd : .   (no gloves)
Sust.Abil.: . .     Stasis     : .   (no boots)
Res.Mut.  : .       Ctrl.Telep.: .   (no amulet)
Res.Rott. : .       Levitation : .   (no ring)
Saprovore : . . .   Ctrl.Flight: .   (no ring)

@: regenerating quickly, not resistant to hostile enchantments, stealthy
A: fangs 3, see invisible, unbreathing
a: no special abilities


You were on level 1 of the Dungeon.
You were full.

You visited 1 branch of the dungeon, and saw 1 of its levels.

You collected 53 gold pieces.

Inventory:

Hand weapons
 a - a +2,+2 dagger (weapon) {=f}
Armour
 b - a +0 robe (worn) {!D}
 c - a +0 cloak (worn) {!D}
Scrolls
 h - a scroll of identify {unknown}
Potions
 e - 2 potions of confusion
 g - a potion of curing {unknown}
Books
 d - a book of Stalking

   Spells                             Type                      Level
   *Fulsome Distillation              Transmutation/Necromancy     1
   Evaporate                          Fire/Transmutation           2
   Passwall                           Transmutation/Earth          3
   Petrify                            Transmutation/Earth          4
   Dig                                Transmutation/Earth          4


   Skills:
 + Level 0.8 Fighting
 + Level 1.2 Short Blades
 + Level 2.1 Dodging
 + Level 3.1 Stealth
 + Level 2.1 Stabbing
 + Level 1.0 Spellcasting
 + Level 2.1 Transmutations


You had one spell level left.
You knew the following spells:

 Your Spells              Type           Power        Failure   Level  Hunger
a - Fulsome Distillation  Trmt/Necr      N/A          21%         1    Strawberry

Dungeon Overview and Level Annotations

Branches:
Dungeon (1/27)

Altars:


Innate Abilities, Weirdness & Mutations

Your natural rate of healing is unusually fast.
You have razor-sharp teeth.
You have supernaturally acute eyesight.
You can survive without breathing.


Message History

* * * LOW HITPOINT WARNING * * *
Drink which item? (? for menu, Esc to quit)
Yummy - fresh blood!
The giant newt closely misses you. The giant newt bites you.
* * * LOW HITPOINT WARNING * * *
The bat closely misses you.
You closely miss the giant newt. The giant newt closely misses you.
You puncture the giant newt.
You kill the giant newt!
You slash the hobgoblin but do no damage.
The hobgoblin misses you.
You puncture the hobgoblin.
The hobgoblin is moderately wounded.
You barely miss the hobgoblin.
The hobgoblin is moderately wounded.
The hobgoblin misses you.
You slash the hobgoblin.
The hobgoblin is heavily wounded.
The hobgoblin hits you with an orcish club.
You die...

#.##..# #.# ## #.##..#
#.####... #.##..#
#.#....###########
#.##..#
#.(.####....<....####
#.##..#
#..##...............##
#.##..#
#..#......}...}.(....#
#.##..
#.##...}.........}...##
#.#
#.#.........~.........#
#.#
#.#...}...........}...#
#.#
#........~.....~.....<#
#.#
#g#...}...........}...#
#.#
#V#.........~.........#
#.#
#.##...}.........}...##
#.#
#..#......}...}......#
#.#
#..##...............##
#.#
#...####....<....####
#.#
###.#....###########
#.# #......#... #.#
#......#.## #.#
#......#.######. #.#
.#................ #.#
..#......#.######. #.#
..#......#.#


You could see a hobgoblin.

Vanquished Creatures
  Monster Symbol All 'l'
  A giant gecko (D:1)
  A giant newt (D:1)
2 creatures vanquished.
2 creatures vanquished. Monster Nature Natural Monsters A giant gecko (D:1) A giant newt (D:1)
2 creatures vanquished.
2 creatures vanquished. Ascending Order A giant gecko (D:1) A giant newt (D:1)
2 creatures vanquished.

Notes
Turn   | Place    | Note
--------------------------------------------------------------
     0 | D:1      | polystyrus, the Vampire Stalker, began the quest for the Orb.
     0 | D:1      | Reached XP level 1. HP: 15/15 MP: 2/2
   166 | D:1      | Slain by a hobgoblin
